 Dungeon Crawl Stone Soup version 0.28-a0-1347-g113dc556a4 (webtiles) character file.

Game seed: 14783510215902412083

359 vivovinco the Conjurer (level 6, -1/47 HPs)
             Began as a Demigod Conjurer on Dec 29, 2021.
             Slain by Duvessa (8 damage)
             ... on level 4 of the Dungeon.
             The game lasted 00:14:30 (4093 turns).

vivovinco the Conjurer (Demigod Conjurer)           Turns: 4093, Time: 00:14:31

Health: -1/47      AC:  6    Str:  8    XL:     6   Next: 14%
Magic:  2/13       EV: 12    Int: 28    God:
Gold:   174        SH:  0    Dex: 12    Spells: 7/10 levels left

rFire   . . .      SeeInvis .   f - +0 dagger
rCold   . . .      Faith    .   (no shield)
rNeg    . . .      Spirit   .   a - +0 robe
rPois   .          Reflect  .   (no helmet)
rElec   .          Harm     .   (no cloak)
rCorr   .          Rampage  .   (no gloves)
Will    .....                   (no boots)
Stlth   ++........              (no amulet)
HPRegen 0.15/turn               g - +4 ring of protection
MPRegen 0.13/turn               (no ring)

@: flying
A: high mp 1, forlorn, divine attributes
a: no special abilities


You were on level 4 of the Dungeon.
You visited 1 branch of the dungeon, and saw 5 of its levels.

You collected 174 gold pieces.

Inventory:

Hand Weapons
 f - a +0 dagger (weapon)
Missiles
 c - 98 stones
Armour
 a - a +0 robe (worn)
Jewellery
 g - a +4 ring of protection (left hand)
Potions
 j - a potion of cancellation


   Skills:
 + Level 1.0 Fighting
 + Level 1.3 Short Blades
 + Level 2.6 Dodging
 + Level 3.0 Stealth
 + Level 2.9 Spellcasting
 + Level 5.2 Conjurations


You had 7 spell levels left.
You knew the following spells:

 Your Spells              Type           Power      Damage    Failure   Level
a - Magic Dart            Conj           100%       1d8       1%          1
b - Searing Ray           Conj           66%        2d6       1%          2

Your spell library contained the following spells:

 Spells                   Type           Power      Damage    Failure   Level
 Dazzling Flash           Conj/Hex       36%        N/A       9%          3
 Fulminant Prism          Conj/Hex       9%         3d7       28%         4
 Iskenderun's Mystic Bla  Conj/Tloc      18%        2d6       28%         4


Dungeon Overview and Level Annotations

Branches:
Dungeon (5/15)
 Temple: D:4-7

Shops:
D:3 [   D:4 *(

Annotations:
D:4 Duvessa


Innate Abilities, Weirdness & Mutations

You have an increased reservoir of magic. (+10% MP)
You shall have no god before yourself.
Your divine heritage dramatically boosts your attributes as you level up.


Message History

Duvessa is lightly wounded.
You finish channelling your searing ray.
Duvessa hits you with a +0 short sword.
Casting: Searing Ray (safe; 1% risk of failure)
Confirm with . or Enter, or press ? or * to list all spells.
Aiming: Searing Ray (safe; 1% risk of failure)
Press: ? - help, Shift-Dir - straight line, f/p - Duvessa
Aim: Duvessa, wielding a +0 short sword, wearing a +0 leather armour and quivering stones (lightly wounded, 83% to hit)
The searing ray hits Duvessa but does no damage.
Duvessa is lightly wounded. (Press . to maintain the ray.) Duvessa barely misses you.
The searing ray hits Duvessa!
Duvessa is moderately wounded.
Duvessa hits you with a +0 short sword!
The searing ray hits Duvessa.
Duvessa is heavily wounded.
Duvessa says, "When magic and the sword combine, nothing stands against them."
Duvessa hits you with a +0 short sword.
The searing ray hits Duvessa!
Duvessa is severely wounded.
You finish channelling your searing ray.
Duvessa hits you with a +0 short sword!
* * * LOW HITPOINT WARNING * * *
It was a potion of cancellation.
You feel magically purged. Duvessa hits you but does no damage.
It was a potion of flight.
You feel very buoyant.
You fly up into the air.
Duvessa hits you with a +0 short sword!
* * * LOW HITPOINT WARNING * * *
Casting: Searing Ray (safe; 1% risk of failure)
Confirm with . or Enter, or press ? or * to list all spells.
Aiming: Searing Ray (safe; 1% risk of failure)
Press: ? - help, Shift-Dir - straight line, f/p - Duvessa
Aim: Duvessa, wielding a +0 short sword, wearing a +0 leather armour and quivering stones (heavily wounded, 83% to hit)
The searing ray hits Duvessa!
Duvessa is severely wounded. (Press . to maintain the ray.) Duvessa hits you with a +0 short sword!
You die...

#.# #### #.# #.... #.#
.. #.... #.# ..
#....#####.####.
#...[....†...#..
#........#.#.#.# #
#......†e+.#.#.# .####
##.....@###.#.#........
##......#....)....# ...
#'.....<#.#.####.e# #..
#'......#.... ..# #..
#.........#...# #.# #..
#...).#####...# #...#..
#..... #...# ....#.c#
###... #...# #.......
###. .... #.#.#.#.


You could see Duvessa.

Vanquished Creatures
  Sigmund (D:2)
  A centaur (D:4)
  A hound (D:3)
  5 adders
  A dart slug (D:3)
  8 endoplasms
  3 giant cockroaches (D:2)
  2 goblins (D:1)
  6 hobgoblins
  5 quokkas
  8 ball pythons
  7 bats
  4 frilled lizards
  3 kobolds
  A quokka skeleton (D:4)
  3 rats
59 creatures vanquished.

Vanquished Creatures (others)
  A water moccasin skeleton (D:4)
  A giant cockroach (D:4)
  A kobold (D:4)
3 creatures vanquished.

Grand Total: 62 creatures vanquished

Notes
Turn   | Place    | Note
-------+----------+-------------------------------------------
     0 | D:1      | vivovinco the Demigod Conjurer began the quest for the Orb.
     0 | D:1      | Reached XP level 1. HP: 14/14 MP: 5/5
   231 | D:2      | Noticed Sigmund
   289 | D:1      | Reached skill level 4 in Conjurations
   667 | D:1      | Reached XP level 2. HP: 15/20 MP: 7/7
  1529 | D:1      | Learned a level 2 spell: Searing Ray
  1702 | D:2      | Reached XP level 3. HP: 26/26 MP: 4/8
  2218 | D:2      | Killed Sigmund
  2219 | D:2      | Reached skill level 5 in Conjurations
  2219 | D:2      | Reached XP level 4. HP: 14/34 MP: 0/10
  2219 | D:2      | Reached XP level 5. HP: 16/39 MP: 0/11
  2661 | D:3      | Found Weruj's Armour Shop.
  2774 | D:3      | Reached skill level 1 in Short Blades
  3440 | D:4      | Found Zear's Antique Weapon Emporium.
  3465 | D:5      | Entered Level 5 of the Dungeon
  3482 | D:4      | Found Yzum's Assorted Antiques.
  3676 | D:4      | Noticed a centaur
  4016 | D:4      | Killed a centaur
  4017 | D:4      | Reached skill level 1 in Fighting
  4017 | D:4      | Reached XP level 6. HP: 42/47 MP: 4/13
  4028 | D:4      | Noticed Duvessa
  4093 | D:4      | Slain by Duvessa

Illustrated notes

Levels and vault maps discovered:
D:1:      eino_arrival_cavern_d, layout_basic,
          shapermc_ecumenical_altar_notcrosses
D:2:      layout_rooms, serial_glass, glass_columns_a, glass_columns_b,
          feat_on_display, uniq_sigmund
D:3:      layout_basic, mainiacjoe_overflow_boulevard, serial_shops,
          nicolae_shop_statue_plus
D:4:      layout_basic, lemuel_coloured_pillars_altar, kennysheep_mini,
          serial_shops, nicolae_shop_trees, nicolae_shop_statue_plus,
          shop_statue, nicolae_shop_crystal, nicolae_shop_stone,
          lemuel_old_faithful, uniq_duvessa, uniq_blork_the_orc
D:5:      layout_basic, st_stairs_4

Skill      XL: |  1  2  3  4  5 |
---------------+----------------+-----
Conjurations   | 4 5 |  5.2
Spellcasting   | 2 |  2.9
Stealth        | 2 3 |  3.0
Dodging        | 2 |  2.6
Short Blades   | 1 |  1.3
Fighting       | 1 |  1.0

Action                   |  1- 3 |  4- 6 || total
-------------------------+-------+-------++-------
Melee: Dagger            |    68 |    69 ||   137
 Cast: Magic Dart        |    48 |    25 ||    73
       Searing Ray       |     7 |     8 ||    15
  Use: Scroll            |       |     5 ||     5
       Potion            |       |     2 ||     2
 Stab: Sleeping          |       |     4 ||     4
Armor: Robe              |    10 |    26 ||    36
Dodge: Dodged            |    52 |    51 ||   103

Table legend: (Time is in decaauts)
 A = Elapsed time spent in this place.
 B = Non-inter-level travel time spent in this place.
 C = Inter-level travel time spent in this place.
 D = Time resting spent in this place.
 E = Time spent auto-exploring this place.
 F = Levels seen in this place.
 G = Mean time per level.
                   A        B        C        D        E       F      G
               +--------+--------+--------+--------+--------+-----+--------+
         Total |   4102 |   3897 |    205 |    927 |   2260 |   5 |  820.4 |
       Dungeon |   4102 |   3897 |    205 |    927 |   2260 |   5 |  820.4 |
               +--------+--------+--------+--------+--------+-----+--------+

Top non-repeatable levels by time:
     D:1: 1495 daAuts
     D:3: 1133 daAuts
     D:2: 1078 daAuts
     D:4: 393 daAuts
     D:5: 1 daAuts
